 Dungeon Sprint DCSS version 0.28.0-43-g3370ac3207 (webtiles) character file.

Game seed: 7165455571079007666

1143 boopmooplesden the Cleaver (level 8, -4/86 HPs)
             Began as a Minotaur Berserker on Mar 8, 2022.
             Was an Elder of Trog.
             Slain by a boulder beetle (15 damage)
             ... in the Dungeon (Sprint II: "The Violet Keep of Menkaure").
             The game lasted 00:02:05 (657 turns).

boopmooplesden the Cleaver (Minotaur Berserker)      Turns: 657, Time: 00:02:06

Health: -4/86      AC: 15    Str: 24    XL:     8   Next: 15%
Magic:  7/7        EV: 10    Int:  4    God:    Trog [****..]
Gold:   339        SH:  0    Dex: 10    Spells: 7/7 levels left

rFire   . . .      SeeInvis .   a - +0 hand axe
rCold   . . .      Faith    .   (no shield)
rNeg    . . .      Spirit   .   d - +3 chain mail "Qoigh" {Regen+}
rPois   +          Reflect  .   (helmet restricted)
rElec   .          Harm     .   i - +1 cloak {rPois}
rCorr   .          Rampage  .   (no gloves)
Will    .....      NoTele   +   (no boots)
Stlth   ..........              (no amulet)
HPRegen 0.00/turn               (no ring)
MPRegen 0.10/turn               (no ring)

@: on berserk cooldown, inhibited regen, slowed, very slow
A: horns 2, retaliatory headbutt, inhibited regeneration
a: Renounce Religion, Berserk, Trog's Hand, Brothers in Arms


You were in the Dungeon.
You worshipped Trog.
Trog was greatly pleased with you.
You visited 1 branch You collected 972 gold pieces.
You spent 633 gold pieces at shops.

Inventory:

Hand Weapons
 a - a +0 hand axe (weapon)
Armour
 b - a +0 animal skin
 d - the +3 chain mail "Qoigh" (worn) {Regen+}
   (You bought it in a shop in the Dungeon)

   Regen:     It increases your rate of health regeneration.
 i - a +1 cloak of poison resistance (worn)
Scrolls
 h - a scroll of blinking
Potions
 c - a potion of curing
 e - a potion of haste
 f - 2 potions of magic
 g - a potion of berserk rage


   Skills:
 + Level 13.5 Fighting
 + Level 13.9 Axes
 + Level 7.2 Armour
 + Level 7.3 Dodging


You had 7 spell levels left.
You didn't know any spells.
Your spell library was empty.

Dungeon Overview and Level Annotations

Branches:
Dungeon (1/1)

Altars:

Shops:
D :[[?:!:[*!(?=[=

Annotations:
D exclusions: obsidian statue and oklob plant, Roxanne


Innate Abilities, Weirdness & Mutations

You have a pair of horns on your head.
You reflexively headbutt those who attack you in melee.
You do not regenerate when monsters are visible.


Message History

The boulder beetle leaps!
The boulder beetle curls into a ball and begins rolling!
Unknown command.
The boulder beetle hits you but does no damage.
The boulder beetle stops rolling and uncurls.
You hit the boulder beetle but do no damage.
You headbutt the boulder beetle, but do no damage.
The boulder beetle is almost dead.
The boulder beetle bites you.
You hit the boulder beetle but do no damage.
The boulder beetle is severely wounded.
The boulder beetle leaps!
The boulder beetle curls into a ball and begins rolling!
The boulder beetle completely misses you.
The boulder beetle stops rolling and uncurls.
The boulder beetle bites you.
There is an entrance to Wifawae's Assorted Antiques here.
You hit the boulder beetle.
The boulder beetle is severely wounded.
The boulder beetle bites you but does no damage.
You hit the boulder beetle but do no damage.
The boulder beetle is severely wounded.
The boulder beetle bites you.
You hit the boulder beetle but do no damage.
The boulder beetle is severely wounded.
You hit the boulder beetle but do no damage.
You headbutt the boulder beetle, but do no damage.
The boulder beetle is severely wounded.
The boulder beetle leaps!
The water moccasin hisses angrily.
The boulder beetle curls into a ball and begins rolling!
The boulder beetle hits you!!!
* * * LOW HITPOINT WARNING * * *
The boulder beetle stops rolling and uncurls.
There is an entrance to Teehiy's Antique Armour Shoppe here.
You hit the boulder beetle but do no damage.
You punch the boulder beetle, but do no damage.
The boulder beetle is severely wounded.
The boulder beetle bites you!
You die...

≈##..°.
############≈≈#''°#
###########≈≈≈....°
##.....∩.∩#≈≈≈≈.##+#
##....∩.∩.#≈≈≈≈####†
##...∩.∩..#≈≈≈≈#..##
##..∩.∩...#≈≈####...
##.⌠.∩....#≈##.###'#
##.@B.∩...#≈###.##.#
##...∩.∩..'≈'.##'.<.
##......∩.#≈#...##.#
#▓▓▓▓▓▓▓###≈##.###'#
##h{{######≈≈####.#.
#$h$#S ##≈≈≈#.###
#∩P?+S. +#≈##.#.
#).$#!## #≈≈##+#
#(). ## #≈≈≈≈≈


You could see a boulder beetle, an oklob plant, 2 polar bears and 2 water
moccasins.

Vanquished Creatures
  2 wyverns (D)
  4 neqoxecs (D)
  Menkaure (D)
  2 water moccasins (D)
  3 worms (D)
12 creatures vanquished.

Vanquished Creatures (others)
  A boulder beetle (D)
1 creature vanquished.

Grand Total: 13 creatures vanquished

Notes
Turn   | Place    | Note
-------+----------+-------------------------------------------
     0 | D        | boopmooplesden the Minotaur Berserker began the quest for
                  | the Orb.
     0 | D        | Reached XP level 1. HP: 19/19 MP: 0/0
     1 | D        | Noticed a neqoxec
     1 | D        | Noticed a neqoxec
     1 | D        | Noticed a neqoxec
     1 | D        | Noticed a neqoxec
     9 | D        | Killed a neqoxec
    10 | D        | Reached XP level 2. HP: 19/35 MP: 1/1
    10 | D        | Reached XP level 3. HP: 22/40 MP: 2/2
    10 | D        | Reached XP level 4. HP: 27/48 MP: 3/3
    15 | D        | Killed a neqoxec
    15 | D        | Reached ** piety under Trog
    16 | D        | Reached skill level 10 in Fighting
    16 | D        | Reached skill level 10 in Axes
    16 | D        | Reached skill level 5 in Armour
    16 | D        | Reached skill level 5 in Dodging
    16 | D        | Reached XP level 5. HP: 29/58 MP: 4/4
    20 | D        | Killed a neqoxec
    21 | D        | Reached XP level 6. HP: 8/68 MP: 5/5
    22 | D        | Gained mutation: You do not regenerate when monsters are
                  | visible. [a neqoxec]
    24 | D        | Killed a neqoxec
    25 | D        | Reached XP level 7. HP: 29/75 MP: 6/6
   230 | D        | Noticed a boulder beetle
   230 | D        | Noticed a boulder beetle
   242 | D        | Reached *** piety under Trog
   254 | D        | Noticed a wyvern
   254 | D        | Noticed a wyvern
   257 | D        | Killed a wyvern
   260 | D        | Killed a wyvern
   266 | D        | Reached **** piety under Trog
   273 | D        | Noticed Menkaure
   278 | D        | Killed Menkaure
   279 | D        | Reached XP level 8. HP: 60/86 MP: 7/7
   287 | D        | Noticed an obsidian statue
   349 | D        | Killed a boulder beetle
   526 | D        | Identified Roxanne's Collected Works on Moulding
   526 | D        | Noticed Roxanne
   549 | D        | Found Coicynaa's Antique Armour Emporium.
   549 | D        | Found Wifawae's Assorted Antiques.
   549 | D        | Found Pojesch's Armour Shoppe.
   549 | D        | Found Husiwofi's Antique Weapon Shoppe.
   549 | D        | Found Gujori Wetz's Book Emporium.
   574 | D        | Found Saipich's Jewellery Shoppe.
   574 | D        | Found Veis Jat's Jewellery Shoppe.
   574 | D        | Found Ximmommoyte's Distillery.
   575 | D        | Found Addequw's Book Shoppe.
   575 | D        | Found Wuov's Magic Scroll Emporium.
   576 | D        | Found Teehiy's Antique Armour Shoppe.
   576 | D        | Found Cadgh's Magic Scroll Shoppe.
   576 | D        | Found Ycusip's Distillery.
   576 | D        | Found Oczev's Antique Armour Emporium.
   578 | D        | Noticed an oklob plant
   579 | D        | Found Penerosm's Book Shoppe.
   582 | D        | Bought a translucent scale mail for 243 gold pieces
   582 | D        | Identified the +2 scale mail "Dijujir" {rPois Will- Int-4
                  | Dex+8} (You bought it in a shop in the Dungeon)
   583 | D        | Noticed a polar bear
   583 | D        | Noticed a polar bear
   589 | D        | Bought a spiked chain mail for 218 gold pieces
   589 | D        | Identified the +3 chain mail "Qoigh" {Regen+} (You bought
                  | it in a shop in the Dungeon)
   589 | D        | Bought an embroidered cloak for 172 gold pieces
   657 | D        | Slain by a boulder beetle

Illustrated notes

Levels and vault maps discovered:
D:        the_violet_keep_of_menkaure [sprint2_stairs_cluster_1,
          sprint2_shoproom, sprint2_temple, sprint2_basic_supplies,
          sprint2_obstacle_6, sprint2_obstacle_1, sprint2_obstacle_3,
          sprint2_obstacle_7, sprint2_obstacle_5, sprint2_timed_cluster_1,
          sprint2_smallroom_cluster_1, sprint2_smallroom_final_cluster_1,
          sprint2_transparent_cluster_1, sprint2_second_timed_cluster_1,
          sprint2_sniper_area_1, sprint2_heavy_combat_area_1,
          sprint2_mutation_trap_area_1, sprint2_forest_area_1,
          sprint2_light_combat_area_1, sprint2_behind_water_1,
          sprint2_near_end_vault_1]

Skill      XL: |  1  2  3  4  5  6  7 |
---------------+----------------------+-----
Fighting       | 8 10 11 13 | 13.5
Axes           | 8 10 11 13 | 13.9
Armour         | 4 5 6 7 |  7.2
Dodging        | 4 5 6 7 |  7.3

Action                   |  1- 3 |  4- 6 |  7- 9 || total
-------------------------+-------+-------+-------++-------
Melee: Hand axe          |     7 |    14 |    49 ||    70
       Headbutt          |       |     2 |    16 ||    18
       Punch             |       |       |     2 ||     2
Invok: Berserk           |     1 |       |     3 ||     4
  Use: Potion            |       |     1 |       ||     1
Armor: Chain mail        |       |       |     2 ||     2
Dodge: Dodged            |     2 |     2 |    13 ||    17
